 Dungeon Crawl Stone Soup version 0.22.0-38-g04b72b8c25 (webtiles) character file.

520 Riddle the Sneak (level 7, 0/50 HPs)
             Began as a Gnoll Enchanter on Aug 31, 2018.
             Slain by an orc wizard
             ... wielding a +0 dagger
              (5 damage)
             ... on level 4 of the Dungeon.
             The game lasted 00:12:37 (3811 turns).

Riddle the Sneak (Gnoll Enchanter)                  Turns: 3811, Time: 00:12:38

Health: 0/50       AC:  2    Str: 10    XL:     7   Next: 21%
Magic:  0/15       EV: 15    Int: 20    God:
Gold:   112        SH:  0    Dex: 15    Spells: 11/17 levels left

rFire    . . .     SeeInvis .   u - +1 dagger (elec)
rCold    . . .     Gourm    .   (no shield)
rNeg     . . .     Faith    .   b - +0 robe
rPois    .         Spirit   +   (no helmet)
rElec    .         Reflect  .   c - scarf {Spirit}
rCorr    .         Harm     .   (no gloves)
MR       .....                  (no boots)
Stlth    +++.......             (no amulet)
HPRegen  0.16/turn              p - ring of flight
MPRegen  0.14/turn              (no ring)

@: slowed, very slow
A: distributed training, fangs 1, strong nose
a: Evoke Flight


You were on level 4 of the Dungeon.
You were hungry.

You visited 1 branch of the dungeon, and saw 4 of its levels.

You collected 112 gold pieces.

Inventory:

Hand Weapons
 u - a +1 dagger of electrocution (weapon)
Armour
 b - a +0 robe (worn)
 c - a scarf of spirit shield (worn)
Jewellery
 p - a ring of flight (left hand)
Scrolls
 a - a scroll of noise {unknown}
 f - 4 scrolls of magic mapping {unknown}
 g - a scroll of random uselessness {unknown}
 i - a scroll of teleportation {unknown}
 m - a scroll of blinking {unknown}
 o - a scroll of enchant weapon {unknown}
 s - a scroll of fog {unknown}
 v - 3 scrolls of identify {unknown}
 w - a scroll of remove curse {unknown}
Potions
 e - a potion of curing
 h - a potion of mutation {unknown}
 j - a potion of agility {unknown}
 k - a potion of lignification {unknown}
 n - a potion of haste {unknown}
 q - 2 potions of magic {unknown}
 r - a potion of brilliance {unknown}
 t - a potion of cancellation {unknown}
Comestibles
 d - 5 rations


   Skills:
 + Level 2.3 Fighting
 + Level 3.5 Short Blades
 + Level 2.3 Long Blades
 + Level 2.3 Axes
 + Level 2.3 Maces & Flails
 + Level 2.3 Polearms
 + Level 2.3 Staves
 + Level 2.3 Slings
 + Level 2.3 Bows
 + Level 2.3 Crossbows
 + Level 2.3 Throwing
 + Level 2.3 Armour
 + Level 5.1 Dodging
 + Level 6.4 Stealth
 + Level 2.3 Shields
 + Level 2.3 Unarmed Combat
 + Level 5.5 Spellcasting
 + Level 1.8 Conjurations
 + Level 5.8 Hexes
 + Level 1.8 Charms
 + Level 1.8 Summonings
 + Level 1.8 Necromancy
 + Level 1.8 Translocations
 + Level 1.8 Transmutations
 + Level 1.8 Fire Magic
 + Level 1.8 Ice Magic
 + Level 1.8 Air Magic
 + Level 1.8 Earth Magic
 + Level 1.8 Poison Magic
 + Level 2.5 Invocations
 + Level 2.3 Evocations


You had 11 spell levels left.
You knew the following spells:

 Your Spells              Type           Power        Failure   Level  Hunger
a - Corona                Hex            ####...      1%          1    None
b - Ensorcelled Hibernat  Hex/Ice        ###...       3%          2    None
c - Confuse               Hex            ####....     3%          3    ##.....

Your spell library contained the following spells:

 Spells                   Type           Power        Failure   Level  Hunger
 Tukima's Dance           Hex            ####....     3%          3    ##.....
 Dazzling Spray           Conj/Hex       ###...       7%          3    ##.....


Dungeon Overview and Level Annotations

Branches:
Dungeon (4/15)
 Temple: D:4-7

Altars:
Xom


Innate Abilities, Weirdness & Mutations

Your experience applies equally to all skills.
You have very sharp teeth.
Your uncanny sense of smell can sniff out nearby items.


Message History

Press: ? - help, Shift-Dir - straight line, f - orc wizard
Aim: an orc wizard, wielding a dagger and wearing a robe (fast, chance to defeat MR: 50%)
The orc wizard resists with some effort.
The orc wizard barely misses you. The orc wizard hits you with a dagger.
The orc closely misses you. The orc hits you with a flail!
The orc wizard completely misses you.
You hit the orc wizard but do no damage.
The orc wizard gestures at you while chanting.
The magic dart hits you!
* * * LOW HITPOINT WARNING * * *
The orc misses you. The orc closely misses you.
The orc wizard hits you but does no damage.
The orc wizard hits you with a dagger.
* * * LOW HITPOINT WARNING * * *
The orc wizard hits you with a dagger.
* * * LOW HITPOINT WARNING * * *
The orc wizard closely misses you. The orc closely misses you.
The orc wizard gestures wildly while chanting.
The orc wizard blinks!
The orc wizard hits you with a dagger.
You die...

∆....#.#.#.#
#...)...# #..#.#.#.#
..........#
.#..#.#.#)###### ..
...#.#o.....# ...
#.#oo....# #### #...
#.#......# #... ....
#.#@#############.##
....
.o#.o...........#.##
..#########.........
#.###.#.## #.#
#.#.## #.# #.#...
####.# #.#### #.##.#
#..... ###
#######.##.# ######


You could see an orc wizard and 3 orcs.

Vanquished Creatures
  Eustachio (D:4)
  An ogre (D:4)
  A howler monkey (D:4)
  2 hounds (D:4)
  An orc priest (D:4)
  2 bullfrog skeletons (D:4)
  A hound skeleton (D:4)
  3 adders
  A shadow imp (D:4)
  3 worms
  A dart slug (D:2)
  A leopard gecko (D:2)
  4 orcs
  7 bats
  A giant cockroach (D:1)
  7 goblins
  11 hobgoblins
  2 jackals
  A quokka (D:2)
  4 frilled lizards
  5 kobolds
  7 rats
67 creatures vanquished.

Vanquished Creatures (others)
  A bat (D:2)
1 creature vanquished.

Grand Total: 68 creatures vanquished

Notes
Turn   | Place    | Note
-------+----------+-------------------------------------------
     0 | D:1      | Riddle the Gnoll Enchanter began the quest for the Orb.
     0 | D:1      | Reached XP level 1. HP: 13/13 MP: 6/6
   321 | D:1      | Reached XP level 2. HP: 18/19 MP: 7/7
   328 | D:1      | Learned a level 2 spell: Ensorcelled Hibernation
  1246 | D:1      | HP: 1/20 [worm (8)]
  1299 | D:1      | Reached XP level 3. HP: 5/25 MP: 1/9
  1622 | D:2      | Reached skill level 5 in Spellcasting
  1698 | D:2      | Reached skill level 6 in Stealth
  1823 | D:2      | Reached skill level 1 in Invocations
  2124 | D:3      | Reached skill level 1 in Fighting
  2124 | D:3      | Reached skill level 1 in Long Blades
  2124 | D:3      | Reached skill level 1 in Axes
  2124 | D:3      | Reached skill level 1 in Maces & Flails
  2124 | D:3      | Reached skill level 1 in Polearms
  2124 | D:3      | Reached skill level 1 in Staves
  2124 | D:3      | Reached skill level 1 in Slings
  2124 | D:3      | Reached skill level 1 in Bows
  2124 | D:3      | Reached skill level 1 in Crossbows
  2124 | D:3      | Reached skill level 1 in Throwing
  2124 | D:3      | Reached skill level 1 in Armour
  2124 | D:3      | Reached skill level 1 in Shields
  2124 | D:3      | Reached skill level 1 in Unarmed Combat
  2124 | D:3      | Reached skill level 1 in Evocations
  2148 | D:3      | Reached XP level 4. HP: 31/32 MP: 0/11
  2240 | D:3      | Found a shimmering altar of Xom.
  2700 | D:3      | Reached skill level 1 in Conjurations
  2700 | D:3      | Reached skill level 1 in Charms
  2700 | D:3      | Reached skill level 1 in Summonings
  2700 | D:3      | Reached skill level 1 in Necromancy
  2700 | D:3      | Reached skill level 1 in Translocations
  2700 | D:3      | Reached skill level 1 in Transmutations
  2700 | D:3      | Reached skill level 1 in Fire Magic
  2700 | D:3      | Reached skill level 1 in Ice Magic
  2700 | D:3      | Reached skill level 1 in Air Magic
  2700 | D:3      | Reached skill level 1 in Earth Magic
  2700 | D:3      | Reached skill level 1 in Poison Magic
  2850 | D:4      | Noticed Eustachio
  2856 | D:4      | Learned a level 3 spell: Confuse
  3084 | D:4      | Killed Eustachio
  3084 | D:4      | Reached XP level 5. HP: 33/38 MP: 1/12
  3084 | D:4      | Reached XP level 6. HP: 39/44 MP: 1/13
  3162 | D:4      | Reached skill level 5 in Dodging
  3180 | D:4      | HP: 1/44 [bullfrog skeleton (5)]
  3627 | D:4      | Reached XP level 7. HP: 40/50 MP: 5/15
  3811 | D:4      | Slain by an orc wizard

Skill      XL: |  1  2  3  4  5  6 |
---------------+-------------------+-----
Spellcasting   | 5 |  5.5
Stealth        | 6 |  6.4
Invocations    | 1 2 |  2.5
Fighting       | 1 2 |  2.3
Long Blades    | 1 2 |  2.3
Axes           | 1 2 |  2.3
Maces & Flails | 1 2 |  2.3
Polearms       | 1 2 |  2.3
Staves         | 1 2 |  2.3
Slings         | 1 2 |  2.3
Bows           | 1 2 |  2.3
Crossbows      | 1 2 |  2.3
Throwing       | 1 2 |  2.3
Armour         | 1 2 |  2.3
Shields        | 1 2 |  2.3
Unarmed Combat | 1 2 |  2.3
Evocations     | 1 2 |  2.3
Conjurations   | 1 |  1.8
Charms         | 1 |  1.8
Summonings     | 1 |  1.8
Necromancy     | 1 |  1.8
Translocations | 1 |  1.8
Transmutations | 1 |  1.8
Fire Magic     | 1 |  1.8
Ice Magic      | 1 |  1.8
Air Magic      | 1 |  1.8
Earth Magic    | 1 |  1.8
Poison Magic   | 1 |  1.8
Short Blades   | 3 |  3.5
Dodging        | 5 |  5.1
Hexes          | |  5.8

Action                   |  1- 3 |  4- 6 |  7- 9 || total
-------------------------+-------+-------+-------++-------
Melee: Dagger            |   107 |    65 |     9 ||   181
       Bite              |     7 |     5 |     2 ||    14
 Cast: Corona            |     4 |       |       ||     4
       Ensorcelled Hiber |    31 |    32 |     3 ||    66
       Confuse           |       |     6 |     1 ||     7
  Use: Potion            |       |     1 |       ||     1
 Stab: Sleeping          |    19 |    16 |     1 ||    36
       Confused          |       |       |     1 ||     1
  Eat: Chunk             |     4 |     5 |       ||     9
Armor: Robe              |    18 |     6 |     2 ||    26
Dodge: Dodged            |   105 |    63 |    11 ||   179
